 Dungeon Crawl Stone Soup version 0.21-a0-320-gefad53e (webtiles) character file.

79 Espgualade the Skirmisher (level 4, -1/29 HPs)
             Began as a Tengu Ice Elementalist on Sept 30, 2017.
             Slain by a river rat (4 damage)
             ... on level 3 of the Dungeon.
             The game lasted 00:04:14 (2006 turns).

Espgualade the Skirmisher (Tengu Ice Elementalist)  Turns: 2006, Time: 00:04:14

Health: -1/29      AC:  2    Str: 10 (13) XL:     4   Next: 38%
Magic:  3/8        EV: 12    Int: 16 (19) God:
Gold:   23         SH:  0    Dex: 14 (15) Spells: 1/7 levels left

rFire    . . .     SeeInvis .   n - +1 dagger
rCold    . . .     Gourm    .   (no shield)
rNeg     . . .     Faith    .   o - +0 robe
rPois    .         Spirit   .   (helmet restricted)
rElec    .         Reflect  .   (no cloak)
rCorr    .         Harm     .   (no gloves)
MR       .....                  (boots unavailable)
Stlth    ++........             (no amulet)
HPRegen  0.09/turn              m - +3 ring of intelligence
MPRegen  0.11/turn              (no ring)

@: mighty, lethally poisoned (-1 -> -2)
A: beak, talons 3
a: no special abilities


You were on level 3 of the Dungeon.
You were hungry.

You visited 1 branch of the dungeon, and saw 3 of its levels.

You collected 23 gold pieces.

Inventory:

Hand Weapons
 n - a +1 dagger (weapon)
Armour
 o - a +0 robe (worn)
Jewellery
 m - a +3 ring of intelligence (left hand)
Scrolls
 i - a scroll of identify
Potions
 f - 3 potions of brilliance
 p - a potion of curing {unknown}
 r - a potion of agility {unknown}
 t - a potion of heal wounds {unknown}
Books
 b - a book of Frost

   Spells                             Type                      Level
   a - Freeze                         Ice                          1
   b - Throw Frost                    Conjuration/Ice              2
   c - Ozocubu's Armour               Charms/Ice                   3
   d - Throw Icicle                   Conjuration/Ice              4
   e - Summon Ice Beast               Ice/Summoning                4
Comestibles
 c - 3 bread rations
 j - a meat ration
 u - 4 fruits
 v - a royal jelly


   Skills:
 + Level 3.8 Fighting
 - Level 2.1 Dodging
 - Level 2.0 Stealth
 - Level 2.0 Spellcasting
 - Level 1.3 Conjurations
 - Level 2.6 Ice Magic


You had one spell level left.
You knew the following spells:

 Your Spells              Type           Power        Failure   Level  Hunger
a - Freeze                Ice            ##..         7%          1    #......
b - Throw Frost           Conj/Ice       #.....       14%         2    ###....
c - Ozocubu's Armour      Chrm/Ice       #.......     34%         3    ###....


Dungeon Overview and Level Annotations

Branches:
Dungeon (3/15)

Altars:
Sif Muna
Uskayaw
Yredelemnul

Portals:
Sewer: D:3


Innate Abilities, Weirdness & Mutations

You have a beak for a mouth.
You have claws for feet.


Message History

The worm bites the bush but does no damage.
It was a potion of cancellation.
Your magical effects are unravelling.
You feel magically purged.
Your icy armour evaporates.
You feel a little less clever now. The river rat misses you.
It was a potion of might.
You feel very mighty all of a sudden.
The worm bites the bush but does no damage.
The river rat bites you but does no damage.
You hit the river rat but do no damage. Your peck misses the river rat.
The river rat is lightly wounded.
The river rat bites you.
* * * LOW HITPOINT WARNING * * *
You barely miss the river rat. Your kick misses the river rat.
The river rat is lightly wounded.
You feel sick.
The worm bites the bush but does no damage.
The river rat bites you.
You die...

..........# ...#
##.#... ..........#
#..###..(... #......#
##......#... #......#
##.....#.....
#......###............
#......##.............
#####w.##............#
#rP.............##
##@...♣P.........#≈
##)♣P.♣PP.......>.#≈
###.P♣♣♣♣♣♣♣........#≈
#...P♣ ♣♣P......#≈
#....♣ ♣...#...#≈
#...P♣.♣ ...###...##
#......♣ P... ..$..#
#....P.... ##
#.........


You could see a worm and a river rat.

Vanquished Creatures
  3 adders
  4 dart slugs
  A worm (D:2)
  A leopard gecko (D:2)
  4 ball pythons
  4 bats
  A giant cockroach (D:3)
  4 hobgoblins
  8 jackals
  A kobold (D:2)
  2 frilled lizards (D:1)
  4 goblins
  4 rats
41 creatures vanquished.

Notes
Turn   | Place    | Note
-------+----------+-------------------------------------------
     0 | D:1      | Espgualade the Tengu Ice Elementalist began the quest for the Orb.
     0 | D:1      | Reached XP level 1. HP: 10/10 MP: 4/4
   108 | D:1      | Reached skill level 1 in Fighting
   217 | D:1      | Reached XP level 2. HP: 7/16 MP: 6/6
   405 | D:1      | Reached skill level 2 in Fighting
   792 | D:1      | Learned a level 2 spell: Throw Frost
   967 | D:2      | Found a hide-covered altar of Uskayaw.
   978 | D:2      | Reached XP level 3. HP: 20/22 MP: 3/7
  1046 | D:2      | Reached skill level 3 in Fighting
  1086 | D:2      | Found a basalt altar of Yredelemnul.
  1485 | D:2      | Reached XP level 4. HP: 17/28 MP: 0/8
  1838 | D:2      | Learned a level 3 spell: Ozocubu's Armour
  1863 | D:3      | Found a deep blue altar of Sif Muna.
  1975 | D:3      | Found a glowing drain.
  2006 | D:3      | Slain by a river rat

Vault maps used:
D:1:      giann_bridges
D:2:      lemuel_round_altar, lemuel_round_altar
D:3:      evilmike_ruin_ashenzari, led_sif_pool, portal_sewer_entry_a,
          first_bread, serial_forest, infiniplex_forest_end_3,
          infiniplex_forest_clump_small, infiniplex_forest_lined_room_,
          infiniplex_forest_clump_medium, infiniplex_forest_diagonal,
          infiniplex_forest_zigzag_1, infiniplex_forest_clump_large,
          kennysheep_generic_room_3, uniq_sigmund

Skill      XL: |  1  2  3 |
---------------+----------+-----
Fighting       | 1 2 3 |  3.8
Dodging        | |  2.1
Stealth        | |  2.0
Spellcasting   | |  2.0
Conjurations   | |  1.3
Ice Magic      | |  2.6

Action                   |  1- 3 |  4- 6 || total
-------------------------+-------+-------++-------
Melee: Unarmed           |    34 |       ||    34
       Peck              |    13 |     6 ||    19
       Kick              |    14 |     4 ||    18
       Dagger            |    35 |    37 ||    72
 Cast: Freeze            |    19 |     5 ||    24
       Ozocubu's Armour  |       |     1 ||     1
  Use: Scroll            |       |     6 ||     6
       Potion            |       |     4 ||     4
 Stab: Sleeping          |     5 |     1 ||     6
  Eat: Chunk             |     1 |     2 ||     3
Armor: Robe              |    15 |     6 ||    21
Dodge: Dodged            |    57 |    27 ||    84

Table legend:
 A = Spawn XP
 B = Non-spawn XP
 C = Spawn XP percentage of total XP
 D = Spawn monster count
 E = Non-spawn monster count
 F = Spawn count percentage of total count
 G = Total turns spent on level
                    A         B        C        D         E        F      G
               +---------+---------+-------+---------+---------+-------+---------
         Total |       0 |     114 |   0.0 |       0 |      41 |   0.0 |  2006
               +---------+---------+-------+---------+---------+-------+---------
           D:1 |       0 |      21 |   0.0 |       0 |      12 |   0.0 |   793
           D:2 |       0 |      63 |   0.0 |       0 |      17 |   0.0 |  1052
           D:3 |       0 |      30 |   0.0 |       0 |      12 |   0.0 |   161
               +---------+---------+-------+---------+---------+-------+---------
